 Dungeon Crawl Stone Soup version 0.17.2-1-ge4368a0 (webtiles) character file.

2370 Goblin1989 the Grappler (level 9, -19/80 HPs)
             Began as a Minotaur Monk on Aug 5, 2016.
             Was a Believer of Ru.
             Killed from afar by a centaur (25 damage)
             ... with a wand of lightning
             ... on level 7 of the Dungeon.
             The game lasted 00:18:38 (5249 turns).

Goblin1989 the Grappler (Minotaur Monk)             Turns: 5249, Time: 00:18:38

Health: -19/80     AC: 12    Str: 20    XL:     9   Next: 21%
Magic:  8/8        EV:  9    Int:  7    God:    Ru [**....]
Gold:   328        SH:  0    Dex: 12    Spells: 0 memorised, 8 levels left

rFire  . . .     SeeInvis .       - Unarmed
rCold  . . .     Clarity  .     x - +1 chain mail
rNeg   . . .     SustAt   .     (no shield)
rPois  +         Gourm    .     (helmet restricted)
rElec  .         Spirit   .     (no cloak)
rCorr  .         Warding  .     (no gloves)
rMut   +         Stasis   .     k - +0 pair of boots
MR     .....                    h - amulet of resist mutation
Stlth  ..........               s - ring of poison resistance
                                e - ring of loudness

@: not resistant to hostile enchantments, extremely unstealthy
A: retaliatory headbutt, horns 2, regeneration 1, no stealth, hated by all
a: Renounce Religion


You were on level 7 of the Dungeon.
You worshipped Ru.
Ru was pleased with you.
You were very hungry.

You visited 1 branch of the dungeon, and saw 7 of its levels.

You collected 328 gold pieces.

Inventory:

Armour
 k - a +0 pair of boots (worn)
 x - a +1 chain mail (worn)
Jewellery
 e - a ring of loudness (left hand)
 h - an amulet of resist mutation (around neck)
 j - an uncursed ring of wizardry
 n - an uncursed ring of stealth {unknown}
 o - a +4 ring of intelligence
 q - a cursed ring of teleportation {unknown}
 s - a ring of poison resistance (right hand)
 w - an uncursed ring of fire {unknown}
 D - an uncursed amulet of rage
Scrolls
 a - 4 scrolls of teleportation
 g - a scroll of magic mapping
 i - a scroll of random uselessness
 t - a scroll of remove curse
 u - 2 scrolls of enchant armour
 v - a scroll of identify
 y - a scroll of immolation
 C - a scroll of enchant weapon
Potions
 c - 2 potions of magic
 f - 4 potions of heal wounds
 m - a potion of might {unknown}
 r - a potion of curing
 z - a potion of brilliance
 A - a potion of lignification
Books
 B - a book of Power

   Spells                             Type                      Level
   a - Fulminant Prism                Conjuration/Hexes            4
   b - Iskenderun's Mystic Blast      Conjuration                  4
   c - Venom Bolt                     Conjuration/Poison           5
   d - Bolt of Magma                  Conjuration/Fire/Earth       5
   e - Iron Shot                      Conjuration/Earth            6
   f - Orb of Destruction             Conjuration                  7
   g - Spellforged Servitor           Conjuration/Summoning        7
Comestibles
 b - 4 bread rations
 d - 9 fruits
 l - a slice of pizza
 p - 3 meat rations


   Skills:
 + Level 7.7 Fighting
 + Level 6.8 Armour
 - Level 3.2 Dodging
 * Level 11.0 Unarmed Combat


You had 8 spell levels left.
You didn't know any spells.

Dungeon Overview and Level Annotations

Branches:
Dungeon (7/15)             Temple (0/1) D:4

Altars:
Elyvilon
Nemelex Xobeh
Ru
Xom
Zin

Annotations:
D:6 Sigmund


Innate Abilities, Weirdness & Mutations

You reflexively headbutt those who attack you in melee.
You have a pair of horns on your head.
You cannot be stealthy.
You are hated by all.
Your natural rate of healing is unusually fast.


Message History

The centaur zaps a wand.
The bolt of lightning hits you! The crimson imp closely misses you.
You furiously retaliate!
You headbutt the crimson imp!
The centaur zaps a wand.
The bolt of lightning hits you!
* * * LOW HITPOINT WARNING * * *
You see here 7 gold pieces.
You take 24 damage, and have 23/80 hp.
MASSIVE DAMAGE!!
The centaur zaps a wand.
The bolt of lightning hits you!
* * * LOW HITPOINT WARNING * * *
You redirect the crimson imp's attack!
The crimson imp hits you but does no damage.
You take 18 damage, and have 5/80 hp.
MASSIVE DAMAGE!!
You hit the centaur but do no damage. You headbutt the centaur.
The centaur is moderately wounded.
The centaur unwields an uncursed shortbow.
The centaur hits you but does no damage.
You hit the centaur.
The centaur is heavily wounded.
The centaur zaps a wand.
The bolt of lightning hits you!
You die...

.#.# .#.# .#.#.#
.#.#.#.#.#.#.#.#.#.#.#.#
#.#.#.#.#.#.#.#.#.#.#.#.
#.#.#.#.#.#.#.#.#.#.#.#
.#
#(#.#.#.#.#.#.#.#.#.#.
...#
#.#.#.#.#.#.#.#.#.#.#
..#.#
#.#.#.#.#.#.#.#.#.#.
..#.#
#.#c#.#.#.#.#.#.#.#
#.#'#+#@#.#.#.#'#.#+#'#.
#.....5.#.#.....#.....#
#....(.#####....#.....#
#...(..# #......#.....#
#..(...# #...#........#
#..(...# #...#........#
.........#
#...#........#
...........#
#...####.....#
......####..... #######


You could see a centaur and a crimson imp.

Vanquished Creatures
  Pikel (D:5)
  Grinder (D:6)
  The ghost of Goblin1989 the Cudgeler, an amateur DsGl of Fedhas (D:4)
  Edmund (D:6)
  4 slaves (D:5)
  A sky beast (D:7)
  2 phantoms
  A centaur (D:6)
  2 ogres (D:7)
  A big kobold (D:6)
  A giant frog (D:6)
  A wyvern skeleton (D:7)
  3 wights (D:5)
  A giant frog zombie (D:6)
  3 orc priests
  A crimson imp (D:5)
  A hound (D:6)
  2 iguanas
  5 orc wizards
  2 worker ants (D:4)
  12 adders
  A shadow imp (D:6)
  An ooze (D:4)
  4 worms
  8 giant geckos
  18 orcs
  5 giant cockroaches
  9 hobgoblins
  10 jackals
  A quokka (D:4)
  14 bats
  A giant cockroach zombie (D:6)
  6 giant newts
  8 goblins
  12 kobolds
  9 rats
154 creatures vanquished.

Vanquished Creatures (others)
  A kobold (D:6)
1 creature vanquished.

Grand Total: 155 creatures vanquished

Notes
Turn   | Place    | Note
--------------------------------------------------------------
     0 | D:1      | Goblin1989 the Minotaur Monk began the quest for the Orb.
     0 | D:1      | Reached XP level 1. HP: 19/19 MP: 0/0
   118 | D:1      | Reached XP level 2. HP: 26/26 MP: 1/1
   139 | D:1      | Reached skill level 5 in Unarmed Combat
   146 | D:1      | ololoev: !lg goblin1989 s=ckiller !won
   149 | D:1      | beem: 924 games for goblin1989 (!won): 136x quitting, 50x an adder, 47x a gnoll, 44x an orc priest, 35x an orc wizard, 29x an ogre, 27x a player ghost, 27x a kobold, 26x a hobgoblin, 24x a worm, 20x Sigmund, 20x an orc warrior, 17x a goblin, 17x an orc, 16x a jackal, 15x a centaur, 12x a giant gecko, 11x Crazy Yiuf, 11x Grinder, 11x an iguana, 11x a worker ant, 9x a killer bee, 9x Edmund, 9x Natasha, ...
   281 | D:1      | ololoev: !lg goblin1989 s=ckiller !won !boring
   287 | D:1      | beem: 788 games for goblin1989 (!won !boring): 50x an adder, 47x a gnoll, 44x an orc priest, 35x an orc wizard, 29x an ogre, 27x a player ghost, 27x a kobold, 26x a hobgoblin, 24x a worm, 20x an orc warrior, 20x Sigmund, 17x a goblin, 17x an orc, 16x a jackal, 15x a centaur, 12x a giant gecko, 11x an iguana, 11x a worker ant, 11x Grinder, 11x Crazy Yiuf, 9x a hydra, 9x Natasha, 9x Edmund, 9x a killer ...
   435 | D:1      | ololoev: !lg . s=ckiller !won !boring
   435 | D:1      | beem: 2269 games for ololoev (!won !boring): 139x an adder, 131x a gnoll, 94x an orc wizard, 92x an ogre, 89x an orc priest, 78x a hobgoblin, 74x a kobold, 73x a player ghost, 68x a goblin, 64x an orc, 61x a jackal, 49x a centaur, 48x an orc warrior, 45x a worm, 45x a worker ant, 39x a giant gecko, 33x Sigmund, 28x Natasha, 26x Grinder, 23x a killer bee, 20x a scorpion, 19x a thrashing horror, 19x an ...
   435 | D:1      | ololoev: !lg . s=ckiller% !won !boring
   435 | D:1      | beem: 2269 games for ololoev (!won !boring): 139x an adder (6.13%), 131x a gnoll (5.77%), 94x an orc wizard (4.14%), 92x an ogre (4.05%), 89x an orc priest (3.92%), 78x a hobgoblin (3.44%), 74x a kobold (3.26%), 73x a player ghost (3.22%), 68x a goblin (3.00%), 64x an orc (2.82%), 61x a jackal (2.69%), 49x a centaur (2.16%), 48x an orc warrior (2.12%), 45x a worm (1.98%), 45x a worker ant (1.98%), 39x...
   504 | D:1      | ololoev: !lg goblin1989 s=ckiller% !won !boring
   504 | D:1      | beem: 788 games for goblin1989 (!won !boring): 50x an adder (6.35%), 47x a gnoll (5.96%), 44x an orc priest (5.58%), 35x an orc wizard (4.44%), 29x an ogre (3.68%), 27x a player ghost (3.43%), 27x a kobold (3.43%), 26x a hobgoblin (3.30%), 24x a worm (3.05%), 20x an orc warrior (2.54%), 20x Sigmund (2.54%), 17x a goblin (2.16%), 17x an orc (2.16%), 16x a jackal (2.03%), 15x a centaur (1.90%), 12x a gi...
   504 | D:1      | Reached XP level 3. HP: 25/31 MP: 2/2
  1025 | D:2      | Reached skill level 6 in Unarmed Combat
  1204 | D:2      | Found a sacrificial altar of Ru.
  1212 | D:2      | ololoev: !lm defe god=ely
  1212 | D:2      | beem: 91. [2016-06-09 11:21:38] DEFE the Ruffian (L8 TrTm of Elyvilon) fell down a shaft to D:8 on turn 1844. (D:5)
  1212 | D:2      | ololoev: !lm defe god=ely s=type
  1212 | D:2      | beem: 91 milestones for defe (god=ely): 44x uniq, 21x god.worship, 15x br.enter, 7x ghost, 2x god.ecumenical, abyss.enter, shaft
  1212 | D:2      | Became a worshipper of Ru the Awakened
  1218 | D:2      | Gained mutation: You cannot be stealthy. [Ru sacrifice]
  1219 | D:2      | ololoev: !lm goblin1989 god=ely type=god.worship
  1219 | D:2      | beem: 12. [2016-07-16 06:13:54] Goblin1989 the Basher (L8 DDMo of Elyvilon) became a worshipper of Elyvilon on turn 4919. (Temple)
  1300 | D:2      | Reached XP level 4. HP: 30/39 MP: 3/3
  1456 | D:2      | ololoev: !lg defe s=ckiller% !won !boring
  1459 | D:2      | beem: 1348 games for defe (!won !boring): 96x a gnoll (7.12%), 95x an adder (7.05%), 60x an orc priest (4.45%), 59x a kobold (4.38%), 56x a hobgoblin (4.15%), 49x an ogre (3.64%), 49x a jackal (3.64%), 43x a player ghost (3.19%), 43x an orc warrior (3.19%), 41x a goblin (3.04%), 39x an orc wizard (2.89%), 34x Sigmund (2.52%), 30x an orc (2.23%), 29x a worm (2.15%), 24x a giant gecko (1.78%), 22x Natas...
  1757 | D:3      | ololoev: !lg . ckiller=natasha
  1757 | D:3      | beem: 28. ololoev the Skirmisher (L1 DsBe of Trog), blasted by Natasha (magic dart) on D:2 on 2016-07-28 08:01:57, with 3 points after 71 turns and 0:01:31.
  1895 | D:3      | Reached skill level 7 in Unarmed Combat
  1895 | D:3      | Reached XP level 5. HP: 42/45 MP: 4/4
  2144 | D:3      | Reached skill level 1 in Armour
  2476 | D:4      | Noticed Goblin1989's ghost (amateur DsGl)
  2492 | D:4      | Killed Goblin1989's ghost
  2492 | D:4      | Reached XP level 6. HP: 43/53 MP: 5/5
  2497 | D:4      | Found a staircase to the Ecumenical Temple.
  2717 | D:4      | Reached skill level 8 in Unarmed Combat
  3228 | D:5      | Entered Level 5 of the Dungeon
  3234 | D:5      | Gained mutation: You are hated by all. [Ru sacrifice]
  3234 | D:5      | Reached * piety under Ru
  3234 | D:5      | Reached ** piety under Ru
  3375 | D:5      | Noticed Pikel
  3409 | D:5      | Killed Pikel
  3409 | D:5      | Reached skill level 5 in Fighting
  3409 | D:5      | Reached skill level 9 in Unarmed Combat
  3409 | D:5      | Reached XP level 7. HP: 45/62 MP: 6/6
  3755 | D:5      | Gained mutation: Your natural rate of healing is unusually fast. [potion of beneficial mutation]
  3761 | D:5      | Reached XP level 8. HP: 67/70 MP: 7/7
  3899 | D:5      | Reached skill level 5 in Armour
  4154 | D:6      | Paralysed by an orc for 5 turns
  4187 | D:6      | Found a shimmering altar of Xom.
  4247 | D:6      | Noticed Sigmund
  4274 | D:6      | ololoev: воу, амулет раги
  4275 | D:6      | Goblin1989: слишком опасно
  4275 | D:6      | ololoev: лол
  4275 | D:6      | ololoev: ну его не надо постоянно врубать
  4277 | D:6      | ololoev: всяких уников запинывать и гидр по одиночке самое оно
  4278 | D:6      | ololoev: орковариоров
  4486 | D:6      | Noticed Edmund
  4493 | D:6      | Killed Edmund
  4493 | D:6      | Reached skill level 10 in Unarmed Combat
  4576 | D:6      | Found a white marble altar of Elyvilon.
  4578 | D:6      | Found a glowing silver altar of Zin.
  4583 | D:6      | Found a sparkling altar of Nemelex Xobeh.
  4645 | D:6      | Noticed Grinder
  4652 | D:6      | ololoev: ну как табается голыми кулаками?
  4652 | D:6      | Goblin1989: не забывай что это начало игры
  4652 | D:6      | ololoev: бу! ра! ти! но!
  4652 | D:6      | ololoev: так дальше легче будет
  4652 | D:6      | Goblin1989: у меня больше урона о от моих рогов
  4664 | D:6      | Killed Grinder
  4962 | D:7      | Reached XP level 9. HP: 79/79 MP: 8/8
  5243 | D:7      | Reached skill level 11 in Unarmed Combat
  5249 | D:7      | Killed from afar by a centaur

Action                   |  1- 3 |  4- 6 |  7- 9 || total
-------------------------+-------+-------+-------++-------
Melee: Unarmed           |    91 |   208 |   189 ||   488
Invok: Sacrifice Stealth |     1 |       |       ||     1
       Sacrifice Love    |       |     1 |       ||     1
       Reject Sacrifices |       |       |     1 ||     1
  Use: Scroll            |       |     6 |     8 ||    14
       Potion            |       |       |     5 ||     5
 Stab: Distracted        |       |       |     1 ||     1
  Eat: Chunk             |     1 |     7 |     4 ||    12
       Fruit             |       |       |     1 ||     1
